 Dungeon Crawl Stone Soup version 0.32-a0-673-g3729bd50f8 (webtiles) character file.

Game seed: 9692001113849887966

74 cforsyth the Grave Robber (level 4, -2/37 HPs)
             Began as a Mountain Dwarf Necromancer on Mar 11, 2024.
             Incinerated by a bombardier beetle (4 damage)
             ... with a burning spray
             ... on level 3 of the Dungeon.
             The game lasted 00:01:37 (1503 turns).

cforsyth the Grave Robber (MDNe)                    Turns: 1503, Time: 00:01:38

Health: -2/37      AC:  2    Str: 13    XL:     4   Next: 10%
Magic:  1/6        EV: 11    Int: 15    God:
Gold:   146        SH:  0    Dex: 10    Spells: 5/6 levels left

rFire   . . .        (no weapon)
rCold   . . .        (no shield)
rNeg    . . .        a - +0 robe
rPois   .            (no helmet)
rElec   .            (no cloak)
rCorr   .            (no gloves)
SInv    .            (no boots)
Will    .....        d - amulet of magic regeneration
Stlth   +            (no ring)
HPRegen 0.26/turn    (no ring)
MPRegen 0.50/turn

%: no passive effects
@: confused, on fire, ambrosia-drunk, glowing
A: runic magic, artefact enchanting
a: no special abilities


You were on level 3 of the Dungeon.
You visited 1 branch of the dungeon, and saw 3 of its levels.

You collected 146 gold pieces.


Innate Abilities, Weirdness & Mutations

Your spellcasting is much less encumbered by armour.
You can use scrolls of enchantment on lesser artefacts.


   Skills:
 + Level 2.8 Fighting
 - Level 1.3 Dodging
 - Level 1.4 Stealth
 - Level 1.7 Spellcasting
 + Level 5.4 Necromancy


You had 5 spell levels left.
You knew the following spells:

 Your Spells              Type           Power      Damage    Failure   Level
X - Necrotise             Necr           68%        1d7       2%          1

Your spell library contained the following spells:

 Spells                   Type           Power      Damage    Failure   Level
 Vampiric Draining        Necr           17%        2d7       8%          3
 Animate Dead             Necr           17%        N/A       24%         4
 Inner Flame              Hex/Fire       1%         N/A       56%         3
 Tukima's Dance           Hex            1%         N/A       56%         3
 Curse of Agony           Necr           17%        N/A       56%         5
 Flame Wave               Conj/Fire      1%         2d4       92%         4
 Passage of Golubria      Tloc           1%         N/A       92%         4
 Sticky Flame             Fire/Alch      1%         2d4       92%         4
 Yara's Violent Unravell  Hex/Alch       0%         3d3       99%         5

Inventory:

Armour
 a - a +0 robe (worn)
Jewellery
 d - an amulet of magic regeneration (around neck)
 j - an amulet of the acrobat
Scrolls
 c - a scroll of immolation {unknown}
 f - 3 scrolls of teleportation {unknown}
 g - a scroll of poison {unknown}
 i - a scroll of identify {unknown}
Potions
 b - a potion of magic
 h - a potion of cancellation {unknown}

Dungeon Overview and Level Annotations

Branches:
Dungeon (3/15)

Altars:
Ru

#.#.# #.# ##.#.#
#######.# #....#
......... #..###
......... #..#
#######.# #..#
#...# #..# ### #
#.### #..#
##.##.# ##.##
#..# #..@..#
###...## ...#
##.#### #...#...
#.## #.# #.#
###.#...## #.#
#.# #.#
##...##.## #.#
#.# #.#
#.....#.## #.#
#.# #.#
#........## #.#
#.# #.#
#....)..... #.#
#.# #.#
##...##..#.
#.########.####.#
##.# #....


There were no monsters in sight!


Message History

The liquid fire burns you!
* * * LOW HITPOINT WARNING * * *
The bombardier beetle bites you.
* * * LOW HITPOINT WARNING * * *
Casting: Necrotise (safe; 2% risk of failure)
Confirm with . or Enter, or press ? or * to list all spells.
Aiming: Necrotise (safe; 2% risk of failure)
Press: ? - help, Shift-Dir - straight line, f/p - bombardier beetle
Aim: a bombardier beetle (heavily wounded, chance to affect: 73%)
The bombardier beetle writhes in agony.
The liquid fire burns you!
* * * LOW HITPOINT WARNING * * *
Unknown command.
Unknown command.
Casting: Necrotise (safe; 2% risk of failure)
Confirm with . or Enter, or press ? or * to list all spells.
Aiming: Necrotise (safe; 2% risk of failure)
Press: ? - help, Shift-Dir - straight line, f/p - bombardier beetle
Aim: a bombardier beetle (severely wounded, chance to affect: 73%)
The bombardier beetle writhes in agony.
You kill the bombardier beetle!
The liquid fire burns you!
* * * LOW HITPOINT WARNING * * *
You have reached level 4!
You feel stronger.
It was a potion of ambrosia.
You are confused.
You feel invigorated. The liquid fire burns you!
You die...

Skill      XL: |  1  2 |
---------------+-------+-----
Fighting       | 1 2 |  2.8
Necromancy     | 5 |  5.4
Dodging        | |  1.3
Stealth        | |  1.4
Spellcasting   | |  1.7

Action                     |  1- 3 |  4- 6 || total
---------------------------+-------+-------++-------
  Melee: Unarmed           |     5 |       ||     5
   Cast: Necrotise         |    66 |       ||    66
    Use: Potion            |       |     1 ||     1
 Armour: Robe              |    13 |       ||    13
  Dodge: Dodged            |    13 |       ||    13

Levels and vault maps discovered:
D:1:      scummos_arrival_checkerplants, layout_loops_cross
D:2:      layout_basic
D:3:      layout_loops_ring, mainiacjoe_overflow_catwalk,
          hellmonk_ecumenical_altar_slurped_away

Notes
Turn   | Place    | Note
-------+----------+-------------------------------------------
     0 | D:1      | cforsyth the Mountain Dwarf Necromancer began the quest for
                  | the Orb.
     0 | D:1      | Reached XP level 1. HP: 14/14 MP: 3/3
   331 | D:1      | Reached skill level 1 in Fighting
   349 | D:1      | Reached XP level 2. HP: 23/23 MP: 0/4
   907 | D:2      | Reached skill level 2 in Fighting
   945 | D:2      | Reached skill level 5 in Necromancy
   945 | D:2      | Reached XP level 3. HP: 29/29 MP: 3/5
  1229 | D:3      | Found a faded altar of an unknown god.
  1367 | D:3      | Found a sacrificial altar of Ru.
  1502 | D:3      | HP: 1/29 [burnt (4)]
  1503 | D:3      | Reached XP level 4. HP: 2/37 MP: 1/6
  1503 | D:3      | Incinerated by a bombardier beetle

Vanquished Creatures
  A bombardier beetle (D:3)
  A dart slug (D:2)
  3 orcs (D:3)
  2 ball pythons
  5 bats
  4 endoplasms
  3 goblins
  A hobgoblin (D:1)
  4 kobolds
  4 quokkas
  A frilled lizard (D:3)
  3 rats
32 creatures vanquished.

Table legend: (Time is in decaauts)
 A = Elapsed time spent in this place.
 B = Non-inter-level travel time spent in this place.
 C = Inter-level travel time spent in this place.
 D = Time resting spent in this place.
 E = Time spent auto-exploring this place.
 F = Levels seen in this place.
 G = Mean time per level.
                   A        B        C        D        E       F      G
               +--------+--------+--------+--------+--------+-----+--------+
         Total |   1502 |   1440 |     62 |      0 |   1226 |   3 |  500.7 |
       Dungeon |   1502 |   1440 |     62 |      0 |   1226 |   3 |  500.7 |
               +--------+--------+--------+--------+--------+-----+--------+

Top non-repeatable levels by time:
     D:1: 696 daAuts
     D:2: 523 daAuts
     D:3: 282 daAuts

Table legend:
 A = Non-vault XP
 B = Vault XP
 C = Vault XP percentage of total XP
 D = Non-vault monster count
 E = Vault monster count
 F = Vault count percentage of total count
                 A         B        C        D         E       F
            +---------+---------+-------+---------+---------+-------
      Total |     105 |       2 |   1.9 |      31 |       1 |   3.1
            +---------+---------+-------+---------+---------+-------
        D:1 |      23 |       0 |   0.0 |      13 |       0 |   0.0
        D:2 |      18 |       0 |   0.0 |      10 |       0 |   0.0
        D:3 |      64 |       2 |   3.0 |       8 |       1 |  11.1
            +---------+---------+-------+---------+---------+-------
